 Dungeon Crawl Stone Soup version 0.29.1-12-g30fa7ad0bf (webtiles) character file.

Game seed: 540240458546604963

12042 MisterFreud the Protected (level 11, -9/104 HPs)
             Began as a Minotaur Fighter on Dec 28, 2022.
             Was a Priest of Yredelemnul.
             Mangled by a boulder beetle (38 damage)
             ... on level 11 of the Dungeon.
             The game lasted 00:14:54 (13304 turns).

MisterFreud the Protected (Minotaur Fighter)       Turns: 13304, Time: 00:14:54

Health: -9/104     AC: 12    Str: 22    XL:     11   Next: 57%
Magic:  0/16       EV: 10    Int: 11    God:    Yredelemnul [***...]
Gold:   70         SH:  0    Dex: 13    Spells: 10/10 levels left

rFire   . . .      SeeInvis .   P - +2 Maxwell's thermic engine {flame, freeze}
rCold   . . .      Faith    .   (no shield)
rNeg    . . .      Spirit   +   b - +0 scale mail
rPois   .          Reflect  .   (helmet restricted)
rElec   +          Harm     .   C - +2 cloak of the Dungeon {rElec}
rCorr   .          Rampage  .   (no gloves)
Will    .....                   (no boots)
Stlth   ..........              s - amulet of guardian spirit
HPRegen 0.27/turn               y - +6 ring of intelligence
MPRegen 0.15/turn               (no ring)

@: studying Invocations
A: horns 2, retaliatory headbutt
a: Renounce Religion, Recall Undead Harvest, Dark Bargain


You were on level 11 of the Dungeon.
You worshipped Yredelemnul.
Yredelemnul was aware of your devotion.
You visited 2 branches of the dungeon, and saw 12 of its levels.
You also visited: Sewer.

You collected 758 gold pieces.
You spent 688 gold pieces at shops.

Inventory:

Hand Weapons
 a - a +0 long sword
 h - a +7 scythe of flaming
 I - a +1 demon whip of venom
 P - the +2 Maxwell's thermic engine (weapon) {flame, freeze}
   (You bought it in a shop on level 8 of the Dungeon)

   It burns those it strikes, dealing additional fire damage.
   Big, fiery blades are also staple armaments of hydra-hunters.
   It freezes those it strikes, dealing additional cold damage.
   It can also slow down cold-blooded creatures.
   It becomes more effective when it hits something.
   This effect fades over time.
Missiles
 e - 29 poisoned darts (quivered)
 u - 11 boomerangs
 D - 3 boomerangs of dispersal
 J - a curare-tipped dart
Armour
 b - a +0 scale mail (worn)
 c - a +0 buckler
 j - a +0 kite shield
 C - the +2 cloak of the Dungeon (worn) {rElec}
   (You found it on level 7 of the Dungeon)

   rElec:     It insulates you from electricity.
 K - a +0 tower shield
Jewellery
 s - an amulet of guardian spirit (around neck)
 y - a +6 ring of intelligence (left hand)
Wands
 G - a wand of roots (11)
 L - a wand of polymorph (6)
 M - a wand of charming (7)
 O - a wand of mindburst (7)
Scrolls
 i - a scroll of summoning
 n - a scroll of blinking {unknown}
 q - a scroll of enchant armour {unknown}
 r - a scroll of fog
 v - a scroll of magic mapping {unknown}
 w - a scroll of silence {unknown}
 A - a scroll of immolation {unknown}
 F - 2 scrolls of identify
Potions
 d - 3 potions of might
 f - a potion of curing
 k - 6 potions of mutation
 l - a potion of invisibility
 o - 3 potions of heal wounds
 p - 3 potions of cancellation
 t - 4 potions of brilliance
 x - a potion of berserk rage
 z - a potion of ambrosia
 B - 2 potions of flight
 E - a potion of haste {unknown}
 H - a potion of attraction {unknown}
Miscellaneous
 N - a condenser vane


   Skills:
 - Level 12.0 Fighting
 + Level 7.9 Long Blades
 - Level 10.0 Polearms
 - Level 12.0 Armour
 - Level 4.0 Shields
 - Level 8.0 Invocations
 + Level 2.6 Evocations


You had 10 spell levels left.
You didn't know any spells.
Your spell library contained the following spells:

 Spells                   Type           Power      Damage    Failure   Level
 Necrotise                Necr           0%         1d4       58%         1
 Gell's Gravitas          Tloc           0%         N/A       92%         3
 Ozocubu's Armour         Ice            0%         N/A       92%         3
 Teleport Other           Tloc           0%         N/A       92%         3
 Vampiric Draining        Necr           0%         2d6       92%         3
 Agony                    Necr           0%         N/A       100%        5
 Dispersal                Tloc           0%         N/A       100%        6
 Ozocubu's Refrigeration  Ice            0%         4d7       100%        7
 Borgnjor's Revivificati  Necr           0%         N/A       100%        8
 Necromutation            Tmut/Necr      0%         N/A       100%        8
 Death's Door             Necr           0%         N/A       100%        9


Dungeon Overview and Level Annotations

Branches:
Dungeon (11/15)            Temple (1/1) D:5            Lair (0/5) D:9
  Sewer (visited)
    Orc: D:9-12

Altars:
Ashenzari
Cheibriados
Dithmenos
Elyvilon
Fedhas
Gozag
Hepliaklqana
Kikubaaqudgha
Makhleb
Nemelex Xobeh
Okawaru
Qazlal
Ru
Sif Muna
Trog
Uskayaw
Vehumet
Wu Jian
Xom
Yredelemnul
Zin
The Shining One

Shops:
D:4 ?   D:8 *

Annotations:
D:7 Pikel
D:8 3 runed translucent doors, gargbit's ghost, novice OpFi


Innate Abilities, Weirdness & Mutations

You have a pair of horns on your head.
You reflexively headbutt those who attack you in melee.


Message History

Something closely misses your ugly thing zombie.
Your kobold zombie hits something but does no damage.
Something hits your kobold zombie.
The kobold throws a stone.
The stone hits your ugly thing zombie but does no damage.
Unknown command.
Unknown command.
Something hits your kobold zombie.
Your kobold zombie is destroyed!
You can no longer drain ambient life force.
The kobold throws a stone.
The stone hits your ugly thing zombie.
The kobold hits your ugly thing zombie with a +0 club.
The sentinel's mark upon you fades away.
Something closely misses your killer bee zombie.
The kobold throws a stone.
The stone hits your ugly thing zombie but does no damage.
You open the door. 2 yaks come into view.
The yak bellows! x2
The kobold hits your ugly thing zombie with a +0 club.
Okay, then.
Unknown command.
Unknown command.
Unknown command.
As you read the scroll labelled SUNKAVVE INGO, it crumbles to dust.
It is a scroll of enchant weapon.
Your +0 demon whip of venom glows red for a moment.
The yak gores something!
The kobold hits your ugly thing zombie with a +0 club.
As you read the scroll labelled VEFFUE MYRE, it crumbles to dust.
You assume a fearsome visage.
The wraith is unaffected.
The kobold brigand looks frightened!
The kobold looks frightened! x4
The yak looks frightened! x3; It was a scroll of fear.
You swap places.
Cornered, the kobold turns to fight!
The boulder beetle curls into a ball and begins rolling!
There is an open door here.
Your killer bee zombie hits the boulder beetle but does no damage.
The boulder beetle attacks as you move away!
The boulder beetle hits you!!!
You die...
Your body rises from the dead as a mindless zombie.

##......#
#.....##
#..Y..##
##......####
(......Y<..^#
###....Y....##
#..........#
######...°.#
#.@BZZ# ###
#.#Z#K##KK.#
#.#.Z..{W..#
#.######K...#
.. ...# ..
K..# ... K..
... .. .


You could see a boulder beetle (rolling), 3 yaks, a kobold, a friendly
three-headed hydra zombie, 2 friendly killer bee zombies and a friendly ugly
thing zombie.

Vanquished Creatures
  A hydra (D:11)
  2 two-headed ogres
  Nergalle (D:10)
  Amaemon (D:8)
  An ugly thing (D:11)
  An orange demon (D:8)
  A kobold demonologist (D:10)
  A komodo dragon (D:9)
  A troll (D:9)
  A hornet (D:8)
  A wraith (D:9)
  3 yaks (D:10)
  Sigmund (D:5)
  2 wyverns (D:8)
  Grum (D:9)
  3 steam dragons
  2 wargs (D:10)
  An acid dragon (D:9)
  A water moccasin (D:5)
  Duvessa (D:7)
  4 ice beasts
  2 black bears (D:7)
  2 orc warriors (D:10)
  2 wolves (D:9)
  2 centaurs
  4 lemures (D:7)
  2 bullfrogs
  3 scorpions
  18 wights
  Dowan (D:7)
  9 killer bees
  A yak zombie (D:10)
  An electric eel (D:10)
  3 howler monkeys (D:9)
  A crimson imp (D:4)
  3 hounds
  6 orc priests
  A gnoll bouda (D:6)
  An iguana (D:4)
  13 orc wizards
  Natasha (twice) (D:2)
  11 gnolls
  5 adders
  An ufetubus (D:6)
  2 worms
  2 dart slugs
  29 orcs
  8 ball pythons
  12 endoplasms
  5 giant cockroaches
  9 goblins
  9 hobgoblins
  A quokka (D:3)
  8 bats
  6 frilled lizards
  A goblin skeleton (D:4)
  18 kobolds
  2 kobold skeletons (D:4)
  3 kobold zombies (D:4)
  3 orc skeletons (D:4)
  An orc zombie (D:4)
  8 rats
252 creatures vanquished.

Vanquished Creatures (collateral kills)
  Joseph (D:7)
  A troll (D:9)
  A hornet (D:11)
  A yak (D:10)
  2 wargs (D:10)
  An orc warrior (D:10)
  A wolf (D:9)
  A kobold brigand (D:9)
  3 killer bees (D:11)
  An orc wizard (D:10)
  3 orcs
  A kobold (D:9)
17 creatures vanquished.

Vanquished Creatures (others)
  A two-headed ogre zombie (D:9)
  A hornet zombie (D:11)
  A centaur (D:9)
  2 warg zombies (D:10)
  A yak zombie (D:10)
  A centaur zombie (D:9)
  2 killer bee zombies (D:9)
  An ice beast zombie (D:7)
  2 howler monkey zombies (D:9)
  An elf zombie (D:7)
  A steam dragon zombie (D:9)
  A gnoll zombie (D:7)
  4 kobold zombies
  12 orc zombies
  7 plants
38 creatures vanquished.

Grand Total: 307 creatures vanquished

Notes
Turn   | Place    | Note
-------+----------+-------------------------------------------
     0 | D:1      | MisterFreud the Minotaur Fighter began the quest for the
                  | Orb.
     0 | D:1      | Reached XP level 1. HP: 19/19 MP: 0/0
   359 | D:1      | Reached XP level 2. HP: 27/27 MP: 1/1
   422 | D:1      | Found a faded altar of an unknown god.
   859 | D:2      | Reached XP level 3. HP: 17/35 MP: 2/2
  1072 | D:2      | You fall into a shaft and drop 2 floors!
  1085 | D:4      | Reached skill level 5 in Fighting
  1144 | D:4      | Found a glowing golden altar of the Shining One.
  1149 | D:4      | Reached XP level 4. HP: 44/44 MP: 3/3
  1419 | D:4      | Found an ornate altar of the Wu Jian Council.
  1420 | D:4      | Found a white marble altar of Elyvilon.
  1761 | D:3      | Found a glowing drain.
  1777 | Sewer    | Entered a sewer
  1875 | Sewer    | Reached XP level 5. HP: 51/51 MP: 4/4
  2602 | D:3      | Found a burning altar of Makhleb.
  2738 | D:2      | Noticed Natasha
  2745 | D:2      | Killed Natasha
  2746 | D:2      | Reached XP level 6. HP: 52/61 MP: 5/5
  3086 | D:2      | Noticed Natasha
  3090 | D:2      | Killed Natasha
  3284 | D:3      | Found a broken altar of Ashenzari.
  3418 | D:3      | Found a stormy altar of Qazlal.
  3419 | D:3      | Found a hazy altar of Hepliaklqana.
  3813 | D:4      | Found Asioguy's Magic Scroll Boutique.
  3821 | D:4      | Bought a scroll of teleportation for 36 gold pieces
  3821 | D:4      | Bought a scroll of teleportation for 36 gold pieces
  4073 | D:5      | Entered Level 5 of the Dungeon
  4163 | D:5      | Found a staircase to the Ecumenical Temple.
  4178 | D:5      | Found a radiant altar of Vehumet.
  4186 | Temple   | Entered the Ecumenical Temple
  4399 | D:5      | Found a sacrificial altar of Ru.
  4410 | D:5      | Noticed Sigmund
  4411 | D:5      | Noticed an ice beast
  4421 | D:5      | Killed Sigmund
  4422 | D:5      | Reached skill level 5 in Armour
  4422 | D:5      | Reached XP level 7. HP: 38/68 MP: 4/6
  4431 | D:5      | Reached skill level 5 in Long Blades
  5444 | D:5      | Reached skill level 1 in Polearms
  5444 | D:5      | Reached XP level 8. HP: 74/74 MP: 7/7
  5494 | D:5      | Found a basalt altar of Yredelemnul.
  5494 | D:5      | Found an iron altar of Okawaru.
  5532 | D:5      | Became a worshipper of Yredelemnul the Dark
  5634 | D:5      | Found a shimmering blue altar of Sif Muna.
  5665 | D:5      | Reached * piety under Yredelemnul
  6885 | D:7      | Reached skill level 5 in Polearms
  7176 | D:7      | Identified the +2 cloak of the Dungeon {rElec}
  7341 | D:7      | Noticed Dowan
  7345 | D:7      | Noticed Duvessa
  7352 | D:7      | Killed Duvessa
  7355 | D:7      | Killed Dowan
  7464 | D:7      | Reached XP level 9. HP: 81/81 MP: 8/8
  7469 | D:7      | Noticed Joseph
  7469 | D:7      | Noticed Pikel
  7481 | D:7      | Your ally Duvessa died
  7744 | D:7      | Found a sparkling altar of Nemelex Xobeh.
  7891 | D:7      | Reached skill level 10 in Armour
  7978 | D:7      | Killed Joseph
  8465 | D:8      | Found a runed translucent gate.
  8466 | D:8      | Found a runed translucent gate.
  8466 | D:8      | Found a runed translucent gate.
  8468 | D:8      | Noticed gargbit's ghost (novice OpFi)
  8522 | D:8      | Found Waiw Xez's General Store.
  8901 | D:8      | Reached ** piety under Yredelemnul
  9225 | D:8      | Reached *** piety under Yredelemnul
  9380 | D:8      | Noticed an orange demon
  9395 | D:8      | Killed an orange demon
  9395 | D:8      | Noticed Amaemon
  9396 | D:8      | Reached XP level 10. HP: 61/88 MP: 9/9
  9402 | D:8      | Killed Amaemon
  9403 | D:8      | Reached skill level 10 in Polearms
  9713 | D:8      | Reached **** piety under Yredelemnul
  9764 | D:9      | Paralysed by a hornet for 1 turns
 10243 | D:9      | Reached skill level 5 in Invocations
 10526 | D:9      | Noticed a two-headed ogre
 10533 | D:9      | Killed a two-headed ogre
 10550 | D:9      | Found a staircase to the Lair.
 10597 | D:9      | Found an opulent altar of Gozag.
 10877 | D:9      | Reached skill level 10 in Fighting
 10992 | D:9      | Noticed Grum
 11006 | D:9      | Killed Grum
 11140 | D:10     | Entered Level 10 of the Dungeon
 11181 | D:10     | Noticed a rust devil
 11183 | D:10     | Reached XP level 11. HP: 89/101 MP: 12/16
 11237 | D:10     | Noticed a two-headed ogre
 11242 | D:10     | Killed a two-headed ogre
 12102 | D:10     | Noticed Nergalle
 12107 | D:10     | Killed Nergalle
 12723 | D:8      | Bought the +2 Maxwell's thermic engine {flame, freeze} for
                  | 616 gold pieces
 12723 | D:8      | Found the +2 Maxwell's thermic engine {flame, freeze}
 12826 | D:11     | Noticed an eight-headed hydra
 12834 | D:11     | Killed a three-headed hydra
 12835 | D:11     | Reached skill level 1 in Evocations
 13268 | D:11     | Noticed a green ugly thing
 13275 | D:11     | Killed a green ugly thing
 13289 | D:11     | Noticed a boulder beetle
 13304 | D:11     | Mangled by a boulder beetle

Illustrated notes

Levels and vault maps discovered:
D:1:      lightli_arrival_windingriver, layout_rooms,
          chequers_ecumenical_altar_simple, nicolae_titane
D:2:      layout_loops_cross, uniq_natasha
D:3:      cheibrodos_helix_gallery, layout_loops_corners,
          cheibrodos_ashenzari_chains, gammafunk_temple_overflow_forgotten,
          cheibrodos_sewer_entry_drain
D:4:      nicolae_BIG_FREAKIN_CUBE, layout_loops_ring,
          nicolae_tso_besieged_by_evil, nicolae_overflow_hidden_temple,
          serial_shops, shop, grunt_ministairs_14, kennysheep_pointless_box
D:5:      layout_rooms, led_sif_book, lemuel_crystal_altar, old_standard_altar,
          nicolae_overflow_two_pavilions, minmay_temple_entry_offerings,
          uniq_sigmund
D:6:      layout_loops_ring, supply_closet_lemuel
D:7:      layout_basic, mainiacjoe_overflow_tiny_flanked, uniq_pikel,
          uniq_joseph, uniq_duvessa
D:8:      layout_basic, serial_shops, shop_fountains,
          gammafunk_ghost_necromancy, uniq_amaemon
D:9:      layout_irregular_city, old_standard_altar, david_lair_shrubbed,
          uniq_grum
D:10:     layout_gridville, nooodl_orcs_dogs, uniq_nergalle
D:11:     layout_basic, hellmonk_ghost_big_iron, uniq_erolcha
Temple:   nicolae_temple_godpark

Skill      XL: |  1  2  3  4  5  6  7  8  9 10 11 |
---------------+----------------------------------+-----
Fighting       | 4 5 6 8 10 12 | 12.0
Shields        | 4 |  4.0
Long Blades    | 4 5 7 |  7.9
Armour         | 5 7 9 12 | 12.0
Polearms       | 1 6 9 10 | 10.0
Invocations    | 8 |  8.0
Evocations     | 2 |  2.6

Action                   |  1- 3 |  4- 6 |  7- 9 | 10-12 || total
-------------------------+-------+-------+-------+-------++-------
Melee: Long sword        |    66 |   210 |    59 |       ||   335
       Headbutt          |     3 |    28 |    36 |    26 ||    93
       Halberd           |       |       |   187 |   155 ||   342
       Double sword      |       |       |       |    16 ||    16
  Use: Scroll            |       |     7 |     5 |     4 ||    16
       Potion            |       |       |     3 |     1 ||     4
 Stab: Distracted        |       |       |       |     2 ||     2
Armor: Scale mail        |    33 |    99 |    94 |    95 ||   321
Dodge: Dodged            |    29 |    85 |   133 |   102 ||   349
Block: Buckler           |    18 |    50 |    18 |       ||    86
